[Event "*** Titled Tuesday Blitz"]
[Site "Chess.com"]
[Date "2021.02.16"]
[Round "5"]
[White "dodorox"]
[Black "LileKoridze"]
[Result "1/2-1/2"]
[WhiteElo "2199"]
[BlackElo "2369"]
[TimeControl "180+1"]
[EndTime "10:59:27 PST"]
[Termination "Game drawn - insufficient material"]

1. d4 Nf6 2. c4 e6 3. Nc3 Bb4 4. e3 O-O 5. Ne2 d5 6. a3 Bd6 7.
cxd5 exd5 8. Ng3 c6 9. Bd3 Re8 10. O-O Nbd7 11. Qc2 Nf8 12. Bd2 Ng6 13. Rae1 Ng4 14. h3 Nxf2 15. Kxf2 Qh4 16. Ke2 Qxg3 17. Kd1 b5 18. Re2 b4 19. axb4 Bxb4 20. Be1 Qd6 21. Nb1 Bxe1 22. Rfxe1 Be6 23. Nc3 Rec8 24. Na4 Rab8 25.
Nc5 Nf8 26. Qc3 h6 27. Rf1 Nd7 28. b4 a5 29. bxa5 Nxc5 30. Qxc5 Qc7 31. Ke1 Rb3 32. Bc2 Qg3+ 33. Kd2 Rb2 34. Qc3 Rb5 35. Rf3 Qc7 36. Ref2 Qxa5 37. Qxa5 Rxa5 38. Rf1 c5 39. Rc1 cxd4 40. exd4 Ra2 41. Rc3 Rxc3 42. Kxc3 Ra8 43. Kd2 Rc8 44. Re1 Kf8 45. Bd3 Rb8 46. Ke3 Rb2 47. Re2 Rxe2+ 48. Kxe2 Ke7 49. Ke3 Kd6 50.
Kf4 g6 51. h4 h5 52. Kg5 Ke7 53. Kf4 Bg4 54. Bb5 Be6 55. Bd3 Kf6 56. Bc2 Kg7 57.
Ke5 Kf8 58. Bb3 Ke7 59. Bxd5 Bxd5 60. Kxd5 f6 61. Kc6 g5 62. hxg5 fxg5 63. Kd5 h4 64.
Ke4 g4 65. Kf4 h3 66. gxh3 gxh3 67. Kg3 Kd6 68. Kxh3 Kd5 69. Kg3 Kxd4 1/2-1/2

[Event "*** Titled Tuesday Blitz"]
[Site "Chess.com"]
[Date "2021.02.16"]
[Round "5"]
[White "GMKrikor"]
[Black "johnathan113"]
[Result "1-0"]
[WhiteElo "2815"]
[BlackElo "2606"]
[TimeControl "180+1"]
[EndTime "10:59:31 PST"]
[Termination "GMKrikor won by checkmate"]

1. Nf3 Nf6 2. c4 c5 3. Nc3 g6 4. e4 Bg7 5. d4 cxd4 6. Nxd4 O-O 7. Be2 Nc6 8. Be3 b6 9. O-O Bb7 10. f3 e6 11. Qd2 d5 12. cxd5 exd5 13. Nxc6 Bxc6 14.
e5 Ne8 15. f4 f6 16. e6 f5 17. Bf3 Nc7 18. Rad1 Re8 19. Bd4 Bxd4+ 20. Qxd4 Nxe6 21.
Bxd5 Bxd5 22. Qxd5 Qxd5 23. Nxd5 Kf7 24. Nb4 Rac8 25.
g3 Red8 26. Nd3 Rc2 27. Ne5+ Kf6 28. Rxd8 Nxd8 29. Rd1 Ne6 30. Rd7 Nc5 31. Rxh7 Ne4 32. Rf7+ Ke6 33. Rg7 g5 34. Nf3 Kf6 35. Rxa7 g4 36.
Nd4 Rxb2 37. Rc7 Nf2 38. Rc6+ Kf7 39. Nxf5 Nh3+ 40. Kf1 Rxh2 41. Rxb6 Rxa2 42. Nh6+ Ke7 43. Nxg4 Ra1+ 44. Kg2 Ng1 45. Rb3 Kf7 46. Re3 Kg6 47.
Nh2 Kf5 48. Re5+ Kf6 49. Nf1 Nf3 50. Kxf3 Rxf1+ 51. Kg4 Ra1 52. Rb5 Ra6 53. Kh4 Rc6 54.
g4 Rd6 55. g5+ Kg6 56. Kg4 Rd4 57. Rb6+ Kg7 58. Re6 Kf7 59. Re5 Rd1 60. Kf5 Ra1 61. g6+ Kf8 62. Kg5 Rg1+ 63. Kf6 Rg2 64. f5 Rg4 65.
g7+ Kg8 66. Re8+ Kh7 67. Rh8# 1-0

[Event "*** Titled Tuesday Blitz"]
[Site "Chess.com"]
[Date "2021.02.16"]
[Round "5"]
[White "dretch"]
[Black "dozer80"]
[Result "1-0"]
[WhiteElo "2844"]
[BlackElo "2614"]
[TimeControl "180+1"]
[EndTime "10:59:32 PST"]
[Termination "dretch won by resignation"]

1. d4 d5 2. c4 c6 3. Nc3 Nf6 4. e3 a6 5. b3 b5 6. Bd2 Bf5 7.
Nf3 e6 8. Ne5 Nfd7 9. g4 Bg6 10.
Nxg6 hxg6 11. Bg2 Bd6 12. cxd5 cxd5 13. e4 Nb6 14. exd5 exd5 15. Nxd5 Nxd5 16. Bxd5 Ra7 17. Qf3 Re7+ 18. Kf1 O-O 19. Bg5 Nd7 20. Bxe7 Qxe7 21. Re1 Qh4 22. Re8 Rxe8 23. Qxf7+ Kh7 24. Qxe8 Nf6 25.
Qe6 Qh3+ 26. Bg2 Qd3+ 27. Kg1 Qxd4 28. h3 Bc5 29. Qe2 Qa1+ 30. Bf1 Nd5 31. Qf3 Qd4 32. h4 Nf6 33. g5 Ng4 34. h5 Nxf2 35. hxg6+ Kxg6 36. Qh5+ Kf5 37. Qf7+ Ke5 38. Qxg7+ Kf4 39. Qxd4+ Bxd4 40. Rh4+ Ng4+ 41. Kg2 Kxg5 42. Rh1 Ne3+ 43. Kf3 Nf5 44.
Bg2 Nh4+ 45. Kg3 Be5+ 46. Kh3 Ng6 47. Rb1 Nf4+ 48. Kh2 b4 49. Kg1 Bd4+ 50. Kf1 a5 51.
Rd1 Be3 52. Rd8 Kg4 53. Rg8+ Kf5 54. Ra8 Bb6 55. Ra6 Bd8 56. Kf2 Nd3+ 57. Ke3 Ne5 58. Be4+ Kg5 59. Kd4 Bf6 60. Kd5 Ng4 61. Rxa5 Ne3+ 62.
Ke6+ Kf4 63. Kxf6 Kxe4 64. Ke6 Kd4 65. Kd6 Kc3 66. Kc5 Nd1 67. Ra4 Nb2 68. Kb5 Nd3 69.
Ra8 Nc1 70. Rc8+ Kb2 71. Rxc1 Kxc1 72. Kxb4 Kb2 73. a4 1-0

[Event "*** Titled Tuesday Blitz"]
[Site "Chess.com"]
[Date "2021.02.16"]
[Round "5"]
[White "Michaelson_11"]
[Black "Er_is_geen_hoop_meer"]
[Result "1-0"]
[WhiteElo "2275"]
[BlackElo "2411"]
[TimeControl "180+1"]
[EndTime "10:59:32 PST"]
[Termination "Michaelson_11 won on time"]

1. e4 c5 2. Nf3 e6 3. d4 cxd4 4. Nxd4 Nc6 5. Nc3 Qc7 6. Be3 a6 7. a3 b5 8. f4 Bb7 9. Nxc6 Bxc6 10. Bd3 b4 11. axb4 Bxb4 12. Qg4 Kf8 13. Bd4 Nf6 14.
Bxf6 gxf6 15. Qh4 Be7 16. Qh6+ Ke8 17. Qg7 Rf8 18. O-O Qb6+ 19. Kh1 Qxb2 20. Ne2 Qb6 21.
Rfb1 Qc7 22. Qxh7 a5 23. Nd4 Qxf4 24. Nxc6 dxc6 25. Rb7 Rb8 26. Ra7 Bb4 27. Rf1 Qe3 28. Ra6 Qg5 29. Qh3 Rc8 30. Qf3 Rg8 31. g3 Bd6 32. e5 Bxe5 33. Rxc6 Rxc6 34. Qxc6+ Kf8 35. Qe4 Bxg3 36. hxg3 Qxg3 37. Qa8+ Kg7 38. Qg2 Rh8+ 39. Kg1 Qxg2+ 40. Kxg2 f5 41. Ra1 Ra8 42. Ra4 Kf6 43.
Kf3 e5 44. Ke3 Ke6 45. Bc4+ Kd6 46. Bxf7 Kc5 47. Bb3 Kb5 48. Rc4 Rh8 49. Rc7 Rh3+ 50. Ke2 Rh2+ 51. Ke3 Rh3+ 52. Kd2 Rh2+ 53. Kc3 Rh3+ 54.
Kb2 e4 55. Rf7 Rf3 56. Be6 f4 57. Bg4 Rf2 58. Re7 e3 59. Kc3 Kc5 60. Re5+ Kd6 61. Rxa5 e2 62. Kd2 f3 63. Ra6+ Ke5 64. Ra5+ Kf4 65.
Ra4+ Kg3 66. Bxf3 Rxf3 67. Kxe2 Rf4 68. Ra3+ 1-0

[Event "*** Titled Tuesday Blitz"]
[Site "Chess.com"]
[Date "2021.02.16"]
[Round "5"]
[White "MasterMK73"]
[Black "FMKonstantin_Twitch"]
[Result "1/2-1/2"]
[WhiteElo "2277"]
[BlackElo "2593"]
[TimeControl "180+1"]
[EndTime "10:59:37 PST"]
[Termination "Game drawn - timeout vs insufficient material"]

1. e4 c6 2. d4 d5 3. e5 c5 4. dxc5 e6 5. Be3 Qc7 6. Nf3 Bxc5 7. Bxc5 Qxc5 8. c3 Ne7 9. Bd3 Nbc6 10. O-O h6 11. Qe2 O-O 12. Nbd2 a5 13. Nb3 Qb6 14.
Nbd4 Nxd4 15. Nxd4 Nc6 16. Nf3 Bd7 17. Bc2 f5 18.
exf6 Rxf6 19. Qd3 Kf7 20. Rfe1 Qc7 21. Ba4 Ne7 22. Ne5+ Kg8 23. Bxd7 Raf8 24. f3 Nf5 25.
Ba4 Qb6+ 26. Kh1 Qxb2 27. Nd7 Rg6 28. Qe2 Qxe2 29. Rxe2 Rc8 30. Ne5 Rf6 31. Rc1 b5 32. Bxb5 Nd4 33. Rb2 Nxb5 34. Rxb5 Rf5 35. Nd3 Rd8 36.
Rxa5 e5 37. Kg1 Rf6 38. Nxe5 Re6 39. Nd3 d4 40. c4 Re3 41. Rd1 Re2 42. c5 Rc2 43. Ra7 Re8 44. Ne1 Rxc5 45. Kf2 Rce5 46. Nd3 Re2+ 47. Kg3 Rb8 48. Nf4 Re5 49. Rxd4 Rg5+ 50.
Kh3 Kh7 51. Rdd7 Rb6 52. Nd5 Rb2 53. Nf6+ Kg6 54. Ne4 Rh5+ 55. Kg3 Kf5 56. Rxg7 Ke5 57. Rae7+ Kd4 58. Rd7+ Ke3 59. Rde7 Kd3 60. Rg4 Rxa2 61. Nf2+ Kc3 62. Rg6 Rc5 63. Rd6 Kb4 64. Ne4 Rcc2 65. Rb6+ Ka5 66. Rb8 Rxg2+ 67. Kf4 Rg6 68. Ra7+ Ra6 69.
Rxa6+ Kxa6 70. Ra8+ Kb7 71. Rxa2 Kc6 72. Kf5 Kd5 73.
Kg6 Ke5 74. Kxh6 Kf4 75. Ra5 Kxf3 76. h4 Kxe4 77. h5 Kf4 78. Kh7 Kg4 79. h6 Kh4 80.
Kg7 Kg4 81. h7 Kf4 82. h8=Q Kg4 83. Qh6 Kf3 84. Rg5 Kf4 85. Qf6+ Ke4 1/2-1/2

[Event "*** Titled Tuesday Blitz"]
[Site "Chess.com"]
[Date "2021.02.16"]
[Round "5"]
[White "ChronicUnhappiness"]
[Black "Nuvas"]
[Result "1-0"]
[WhiteElo "2330"]
[BlackElo "2468"]
[TimeControl "180+1"]
[EndTime "10:59:38 PST"]
[Termination "ChronicUnhappiness won by resignation"]

1. d4 d5 2. c4 c6 3. cxd5 cxd5 4. Nc3 Nf6 5. Bf4 Nc6 6. e3 Bg4 7. Qb3 Na5 8. Qa4+ Bd7 9. Qc2 e6 10. Nf3 Be7 11. Bd3 Nc6 12. a3 Nh5 13. Be5 f6 14.
Bg3 g6 15. Rc1 O-O 16. O-O Nxg3 17. hxg3 Rc8 18. Bxg6 f5 19. Bh5 Be8 20. Bxe8 Qxe8 21. Qe2 a6 22. Na4 Qh5 23. Nc5 Rf6 24. Rfe1 Bxc5 25.
Rxc5 Rh6 26. Nh4 Qg5 27. Qf3 Kh8 28. Rec1 Rg8 29. Qf4 Qf6 30. Rxc6 bxc6 31. Rxc6 Rh5 32. Qe5 Qxe5 33. dxe5 Rb8 34. b4 a5 35. bxa5 Ra8 36.
a6 Rh6 37. Nxf5 Rh5 38. g4 Rg5 39. f4 Rxg4 40. Nd4 Rg7 41. Nb5 Re7 42. a4 Kg7 43.
a7 Kf7 44. Rb6 Rexa7 45. Nxa7 Rxa7 46. Rb4 Kg6 47. Kf2 Kf5 48. Kf3 h5 49. Rb8 Rxa4 50.
Rf8+ Kg6 51. Rf6+ Kg7 52. Rxe6 Ra3 53. Rd6 Ra5 54. f5 Kf7 55. Kf4 Ra4+ 56. Kg5 Rg4+ 57. Kxh5 Rxg2 58. Rxd5 Ke7 59. Rd6 Rg1 60. f6+ Kf7 61.
e4 Rg2 62. Kh4 Rg1 63. Kh3 Rg5 64. Rd7+ Kf8 65. Re7 Rg6 66. Kh4 Rg1 67. Kh5 Rg2 68.
e6 Rf2 69. e5 Rf5+ 70. Kg6 Rxe5 71. Rf7+ Ke8 72. Re7+ Kf8 73. Ra7 Rxe6 74. Ra8+ Re8 75. Rxe8+ Kxe8 76. Kg7 Kd7 77. f7 1-0

[Event "*** Titled Tuesday Blitz"]
[Site "Chess.com"]
[Date "2021.02.16"]
[Round "5"]
[White "sorch29"]
[Black "Hercog"]
[Result "1-0"]
[WhiteElo "2162"]
[BlackElo "2349"]
[TimeControl "180+1"]
[EndTime "10:59:38 PST"]
[Termination "sorch29 won on time"]

1. c4 g6 2. d4 Nf6 3. Nc3 d5 4. Bf4 Bg7 5. e3 O-O 6. Rc1 Be6 7. c5 c6 8. h3 Bc8 9. Nf3 Re8 10. Be2 Nfd7 11.
O-O e5 12. Bh2 e4 13. Nd2 f5 14. b4 a6 15. a4 Nf6 16. b5 axb5 17. axb5 Nbd7 18.
Ra1 Rxa1 19. Qxa1 g5 20. Qa8 Re6 21. Na4 Qe8 22. Rb1 f4 23. bxc6 Rxc6 24. Bb5 Re6 25. c6 bxc6 26. Bxc6 Qf8 27. Nc5 Nxc5 28. dxc5 Bd7 29.
Bxd5 Nxd5 30. Qxd5 Qf7 31. Rb7 Re7 32. Rb8+ Be8 33.
Qxf7+ Kxf7 34. exf4 Bd4 35. Nb3 Rd7 36. Nxd4 Rxd4 37.
Kf1 Rc4 38. fxg5 Rxc5 39. Bf4 Bc6 40. Be3 Rc2 41. Ke1 Kg6 42. Rb6 Kf7 43. Kd1 Ba4 44.
Ke1 Ra2 45. Rb7+ Kg6 46. g4 Bc2 47. Rb6+ Kf7 48. h4 Bd3 49. h5 Re2+ 50. Kd1 Ra2 51. g6+ hxg6 52. hxg6+ Kg8 53. Bd4 Ra8 54. Kd2 Ra2+ 55.
Ke3 Ra8 56. Kf4 Rf8+ 57. Kg5 Rf3 58. Rb8+ 1-0

[Event "*** Titled Tuesday Blitz"]
[Site "Chess.com"]
[Date "2021.02.16"]
[Round "5"]
[White "Deepweb2020"]
[Black "NemtsevIgor"]
[Result "1-0"]
[WhiteElo "2531"]
[BlackElo "2371"]
[TimeControl "180+1"]
[EndTime "10:59:39 PST"]
[Termination "Deepweb2020 won on time"]

1. Nf3 c6 2. c4 d6 3. g3 h6 4. Bg2 g5 5. d4 Bg7 6. Nc3 Nd7 7. e4 Nf8 8. Be3 Ng6 9. h4 Bg4 10. hxg5 hxg5 11. Rxh8 Bxh8 12. Bxg5 Qb6 13. Na4 Qb4+ 14. Bd2 Qxc4 15. Be3 Nf6 16. Nc3 Qb4 17. Qd2 Bxf3 18. Bxf3 e5 19. a3 Qb3 20. Kf1 O-O-O 21. Rc1 Kb8 22. Kg2 Rg8 23. Kf1 Qc4+ 24. Be2 Qe6 25. dxe5 Nxe5 26. Qd4 c5 27. Qa4 Qh3+ 28. Ke1 Nfg4 29.
Bf4 Qg2 30. Nd1 Rd8 31. Bf1 Qf3 32. Qc2 d5 33. Qe2 Qxe2+ 34. Bxe2 dxe4 35. Bxg4 Ka8 36. Bxe5 Bxe5 37. Nc3 e3 38. f4 Bd4 39. Ke2 Rh8 40.
Kf3 Rh2 41. Ne4 Rxb2 42. Nxc5 Rf2+ 43. Ke4 Bxc5 44. Rxc5 b6 45. Re5 e2 46. Kf5 Rg2 47. Rxe2 Rxg3 48. Re4 Rxa3 49. Re5 Kb7 50. Re7+ Ka6 51.
Rxf7 b5 52. Bh5 Ka5 53. Bg6 Kb4 54. Rb7 a5 55. Be8 Re3 56. Rxb5+ Kc4 57. Rb8 Re7 58.
Kf6 Re3 59. f5 a4 60. Bxa4 Ra3 61. Be8 Kd4 62. Kf7 Ke4 63. f6 Ra7+ 64. Kf8 Ke5 65. f7 Kf6 66. Rb6+ Kg5 67. Bc6 Rc7 68. Ke8 Rc8+ 69.
Ke7 Rc7+ 70. Bd7 1-0

[Event "*** Titled Tuesday Blitz"]
[Site "Chess.com"]
[Date "2021.02.16"]
[Round "5"]
[White "CM_rui"]
[Black "SophieNikoladze"]
[Result "1-0"]
[WhiteElo "2417"]
[BlackElo "2189"]
[TimeControl "180+1"]
[EndTime "10:59:40 PST"]
[Termination "CM_rui won by checkmate"]

1. e4 d6 2. d4 Nf6 3. Nc3 e5 4. Nf3 exd4 5. Nxd4 Be7 6. Be2 O-O 7. Be3 a6 8. O-O b5 9. a3 c5 10. Nb3 Be6 11. f4 Ra7 12. Qe1 Rd7 13. Rd1 Bxb3 14.
cxb3 d5 15. e5 d4 16. exf6 Bxf6 17. Bg4 Re7 18. Rf3 Rfe8 19. Rd3 Qa5 20. Qg3 dxc3 21.
bxc3 Qxa3 22. Rf1 Qxb3 23. Bxc5 Re4 24. Bf5 Re2 25. Bd6 g6 26. Bg4 Rc2 27. f5 Rxc3 28. Rxc3 Qxc3 29. Bxb8 Bd4+ 30. Kh1 Qc4 31. Re1 Rxe1+ 32.
Qxe1 Qc5 33. fxg6 hxg6 34. Bf3 Kg7 35. Bg3 a5 36. h3 b4 37. Qd1 Bc3 38. Qb3 Qb5 39.
Bd5 a4 40. Qc4 Qxc4 41. Bxc4 b3 42. Bd6 b2 43. Ba2 Kf6 44. Kg1 Kf5 45. Kf2 Ke4 46.
Ke2 Kd4 47. g4 Ba5 48. h4 Bd8 49. h5 gxh5 50. gxh5 Bg5 51. Bf8 Kc3 52. Kd1 a3 53. Bxa3 Bh6 54. Be7 f5 55. Bf6+ Kd3 56. Bxb2 f4 57. Bf7 Ke4 58. Ke2 f3+ 59. Kf2 Kf5 60. Kxf3 Bg5 61. Kg3 Bf6 62. Bc1 Bh8 63. Ba3 Kg5 64.
Bg6 Kh6 65. Be7 Be5+ 66. Kg4 Kg7 67. Kf5 Bc3 68. Bg5 Kh8 69. h6 Ba1 70. Ke6 Bb2 71.
Kf7 Ba1 72. Bf5 Bb2 73. Be7 Ba1 74. Bf8 Bb2 75. Bg7+ Bxg7 76. hxg7# 1-0

[Event "*** Titled Tuesday Blitz"]
[Site "Chess.com"]
[Date "2021.02.16"]
[Round "5"]
[White "davidkalashian"]
[Black "eduardoperalta"]
[Result "0-1"]
[WhiteElo "2561"]
[BlackElo "2419"]
[TimeControl "180+1"]
[EndTime "10:59:41 PST"]
[Termination "eduardoperalta won by resignation"]

1. d4 Nf6 2. c4 c5 3. Nf3 g6 4. Nc3 Bg7 5. d5 O-O 6. e4 d6 7.
Be2 e5 8. h3 Ne8 9. g4 a6 10.
a4 b6 11. Bg5 Qc7 12. Qd2 Kh8 13. Bh6 f6 14. Bxg7+ Qxg7 15. O-O-O b5 16. cxb5 axb5 17.
Bxb5 Na6 18. Bc6 Rb8 19. Nb5 Qe7 20. Qh6 Nb4 21. Rhg1 Ba6 22. Nh4 Kg8 23. Nf5 gxf5 24. gxf5+ Kh8 25. Rg3 Bxb5 26. axb5 Nc7 27. Rdg1 Rf7 28.
b6 Nca6 29. b7 c4 30. Ra3 Rg7 31. Rg4 Rbg8 32. Kd2 Rxg4 33. hxg4 Rxg4 34. Rg3 Rxg3 35. fxg3 Qg7 36. Qh5 Qg5+ 37. Qxg5 fxg5 38. Kc3 h5 39. Be8 h4 40. gxh4 gxh4 41. Bh5 h3 42. Kxc4 h2 43. Bf3 Kg7 44. Kb5 Kf6 45. Kb6 Nb8 46. Kb5 N4a6 47. Bh1 Kg5 48. Kc4 Nc7 49. Kd3 Ne8 50. Kc4 Nf6 51.
Kb5 Nfd7 52. b3 Kf4 53. f6 Nxf6 54. Kb6 Nxe4 55. Kc7 Na6+ 56. Kb6 Nb8 57. Kc7 Na6+ 58. Kc8 Nec5 59. b4 Nxb7 60. Kxb7 Nxb4 61. Kc7 e4 62. Kxd6 e3 63. Kc5 Nxd5 64. Kxd5 e2 65. Kd4 e1=Q 66.
Kd3 Qg1 67. Bd5 Qg3+ 68. Kd4 Qg1+ 0-1

[Event "*** Titled Tuesday Blitz"]
[Site "Chess.com"]
[Date "2021.02.16"]
[Round "5"]
[White "HouseOfDurin"]
[Black "Yaacovn"]
[Result "1-0"]
[WhiteElo "2157"]
[BlackElo "2744"]
[TimeControl "180+1"]
[EndTime "10:59:43 PST"]
[Termination "HouseOfDurin won by checkmate"]

1. d4 Nf6 2. Bg5 e6 3. e4 h6 4. Bxf6 Qxf6 5. e5 Qe7 6. c3 d6 7. f4 g5 8. Nf3 gxf4 9. Qd2 Nc6 10. Bb5 Bd7 11. Qxf4 Nxe5 12. Bxd7+ Nxd7 13. O-O O-O-O 14. Nbd2 Bg7 15. Rae1 Rde8 16. Nh4 Rhf8 17. Nf5 Qf6 18. Nxg7 Qxg7 19. Ne4 Kb8 20. Nf6 Nxf6 21. Qxf6 Qg5 22.
h4 Qg3 23. Rxe6 fxe6 24. Qxf8 Qg6 25. h5 Qxh5 26. Rf7 Rc8 27. Qg7 b6 28. Rf6 e5 29. Rxh6 Qd1+ 30. Kh2 e4 31. Re6 Qd3 32.
Qh7 Qd2 33. Qxe4 Rh8+ 34. Kg3 Rg8+ 35. Kh2 Qxb2 36. Re8+ Rxe8 37. Qxe8+ Kb7 38. Qe4+ Kb8 39. Qe8+ Kb7 40. Qe4+ Ka6 41. Qd3+ Ka5 42. d5 Qxa2 43. Kh3 b5 44. g4 Qa1 45. Qd4 Ka6 46. Kh4 Qh1+ 47. Kg5 Kb7 48. Kf5 a5 49. g5 a4 50.
g6 a3 51. c4 b4 52. c5 Qf1+ 53. Ke6 Qe2+ 54. Kf7 Qb5 55. c6+ Ka6 56. g7 Qf1+ 57. Ke8 Qe2+ 58. Kd7 Qg4+ 59. Kd8 Qxg7 60. Qxg7 Kb5 61.
Qxc7 a2 62. Qb7+ Kc4 63. Qa6+ Kb3 64. c7 Kb2 65. c8=Q a1=Q 66. Qxa1+ Kb3 67. Qb7 Kc2 68. Qaa6 Kb2 69. Qxd6 Ka1 70. Qb5 b3 71. Qa4+ Kb1 72. Qxb3+ Ka1 73. Qe3 Kb1 74. Qf2 Ka1 75. Qdh2 Kb1 76.
Qhg1# 1-0

[Event "*** Titled Tuesday Blitz"]
[Site "Chess.com"]
[Date "2021.02.16"]
[Round "5"]
[White "mishanick"]
[Black "AndrewMaco"]
[Result "1/2-1/2"]
[WhiteElo "2992"]
[BlackElo "2670"]
[TimeControl "180+1"]
[EndTime "10:59:44 PST"]
[Termination "Game drawn - insufficient material"]

1. c4 e5 2. Nc3 Nf6 3. Nf3 Nc6 4. e3 Bb4 5. Qc2 Bxc3 6. Qxc3 Qe7 7. d4 exd4 8. Nxd4 Nxd4 9. Qxd4 c5 10. Qh4 d5 11. cxd5 Nxd5 12. Qxe7+ Kxe7 13. a3 Be6 14. e4 Nb6 15. Be3 Rac8 16. Rc1 Nd7 17. Bb5 b6 18.
f3 Ne5 19. Ke2 Rhd8 20. h3 Nc6 21. Rhd1 Rxd1 22. Rxd1 Na5 23. Kf2 Rd8 24. Rxd8 Kxd8 25. b4 cxb4 26. axb4 Bc4 27. Ba4 Nb7 28. Bd4 f6 29. e5 fxe5 30. Bxe5 g6 31. Ke3 a5 32. bxa5 Nxa5 33. Bc3 Nb7 34. Kd4 Bf1 35. Bc6 Na5 36.
Bd5 Bxg2 37. h4 Kc7 38. Ke3 Nc6 39. Bg8 Ne7 40. Bxh7 Nf5+ 41. Kf2 Nxh4 42. f4 Be4 43. Ke3 Bf5 44. Bf6 Ng2+ 45. Kf3 Ne1+ 46. Ke2 Nc2 47. Kd2 Kc6 48. Bg8 b5 49. Kc3 b4+ 50. Kd2 b3 51. Bxb3 Nb4 52. Be5 Nd5 53. Ba4+ Kc5 54. Bb8 Kd4 55. Bc6 Ke4 56. Bd6 Be6 57. Ke2 Bf5 58. Kf2 Be6 59. Kg3 Kf5 60. Be5 g5 61. Bd6 gxf4+ 62. Kf3 Bf7 63. Bd7+ Be6 64. Ba4 Bf7 65.
Bb5 Bh5+ 66. Kf2 Nf6 67. Bb8 Ne4+ 68. Ke1 f3 69. Ba7 Bg4 70. Bd7+ Kg5 71. Bc6 Kf4 72. Bb8+ Ke3 73. Ba7+ Kf4 74. Kf1 Bh3+ 75. Kg1 f2+ 76. Bxf2 Nxf2 77. Kxf2 1/2-1/2

[Event "*** Titled Tuesday Blitz"]
[Site "Chess.com"]
[Date "2021.02.16"]
[Round "5"]
[White "ajdemipopushi"]
[Black "PotapovaM"]
[Result "1-0"]
[WhiteElo "2372"]
[BlackElo "2594"]
[TimeControl "180+1"]
[EndTime "10:59:45 PST"]
[Termination "ajdemipopushi won by checkmate"]

1. Nf3 Nf6 2. g3 b6 3. Bg2 Bb7 4. O-O e6 5. c4 Be7 6. d4 O-O 7. Nc3 Ne4 8. Bd2 f5 9. d5 Nxd2 10.
Qxd2 Na6 11. Rfd1 Nc5 12. b4 Ne4 13. Nxe4 fxe4 14. Ne1 exd5 15. cxd5 Bf6 16. Rac1 Re8 17. e3 a5 18. a3 axb4 19. axb4 Ra4 20. Rc4 Qa8 21.
Rxc7 Ra2 22. Rc2 Ra4 23. h4 d6 24. Bh3 Kh8 25. Be6 Qd8 26. Ng2 Be5 27. Rdc1 Ra8 28. Rc7 Rb8 29. Nf4 Qf6 30. Rf7 Qh6 31. Rcc7 Ba6 32.
Bf5 Rf8 33. Ne6 Rxf7 34. Rxf7 Bd3 35. Qc1 Rg8 36. Kg2 Qh5 37. Qc7 Qf3+ 38. Kg1 Qd1+ 39. Kh2 Qf3 40. Kg1 Qd1+ 41. Kh2 Qf1 42. Bh3 Qe1 43. Qe7 Bf1 44. Rf8 h6 45. Qf7 Rxf8 46. Qxf8+ Kh7 47. Bxf1 Qxf1 48. Qf5+ Kg8 49. h5 Qe2 50.
Kg2 Qe1 51. Qxe4 Qd1 52. Qf3 Qd3 53. Qf8+ Kh7 54. Qf3 Qd2 55. b5 Qc1 56. Nf8+ Kg8 57. Ng6 Bf6 58. Qe4 Qc8 59. Qe6+ Qxe6 60. dxe6 Bg5 61. f4 Bf6 62. e4 Bd8 63. Kf3 Bf6 64.
Ke2 Bd8 65. Kd3 Bf6 66. Kc4 Bd8 67. Kd5 Bf6 68. Kxd6 Kh7 69. Kd7 Bd4 70. e7 Bc5 71.
e8=Q Bf8 72. Qd8 Kg8 73. Qxf8+ Kh7 74. Qh8# 1-0

[Event "*** Titled Tuesday Blitz"]
[Site "Chess.com"]
[Date "2021.02.16"]
[Round "5"]
[White "ARTHURMOTIVATOR"]
[Black "WiktoriaPOL"]
[Result "1-0"]
[WhiteElo "2321"]
[BlackElo "2028"]
[TimeControl "180+1"]
[EndTime "10:59:45 PST"]
[Termination "ARTHURMOTIVATOR won by checkmate"]

1. e4 c5 2. b3 d5 3. exd5 Qxd5 4. Nf3 Nf6 5. Nc3 Qd8 6. Bb2 g6 7. Ne4 Bg7 8. Nxc5 O-O 9. Be2 b6 10. Nd3 Bb7 11. O-O Nc6 12. Nde5 Nxe5 13. Bxe5 Qd5 14. d4 Rfd8 15. Bc4 Qd7 16. Qe2 Qg4 17. Rad1 Bxf3 18. Qxf3 Qxf3 19. gxf3 Nd5 20. Bxg7 Kxg7 21. Rfe1 e6 22. Bf1 Rd6 23. c4 Nb4 24. Rd2 Rad8 25. Red1 Nc6 26. d5 Ne7 27. f4 exd5 28. Bg2 d4 29. Bd5 Nf5 30. Kf1 b5 31. Rd3 bxc4 32. bxc4 Rb8 33. Be4 Rbd8 34. c5 R6d7 35. c6 Rc7 36. Rc1 Rd6 37. Bxf5 gxf5 38. Rc5 Rdxc6 39. Rxf5 Rc1+ 40. Kg2 R1c2 41. Rg3+ Kf8 42. Rd5 Rxa2 43. Rxd4 a5 44. Rd8+ Ke7 45. Rh8 a4 46. Rxh7 a3 47. Rhh3 Ra1 48. Re3+ Kf8 49. Rxa3 Rxa3 50. Rxa3 Rc4 51.
Kg3 Kg7 52. f3 Kg6 53. h4 Rc6 54. Ra5 f6 55. Kg4 Rd6 56. f5+ Kg7 57. Ra7+ Kg8 58. Re7 Rc6 59. Re6 Rc4+ 60. Kh5 Kf7 61. Ra6 Rf4 62.
Ra7+ Kf8 63. Kg6 Rxf3 64. Kxf6 Ke8 65. h5 Rf4 66. h6 Rh4 67. h7 Rh6+ 68. Ke5 Rh5 69.
Ra8+ Kf7 70. h8=Q Rxh8 71. Rxh8 Kg7 72. Ra8 Kf7 73. Ra7+ Kf8 74. Ke6 Ke8 75. Ra8# 1-0

[Event "*** Titled Tuesday Blitz"]
[Site "Chess.com"]
[Date "2021.02.16"]
[Round "5"]
[White "WPWPWP-2015"]
[Black "garfield_pg"]
[Result "1-0"]
[WhiteElo "2491"]
[BlackElo "2317"]
[TimeControl "180+1"]
[EndTime "10:59:46 PST"]
[Termination "WPWPWP-2015 won by checkmate"]

1. d4 Nf6 2. c4 g6 3. Nc3 Bg7 4. Nf3 O-O 5. e4 d6 6. h3 c5 7. Be3 cxd4 8. Nxd4 Nc6 9. Be2 Nxd4 10. Bxd4 Qa5 11. O-O Be6 12. b3 Rfc8 13. Rc1 a6 14.
a4 Nd7 15. Bxg7 Kxg7 16. f4 Nf6 17. Kh2 b5 18. axb5 axb5 19. e5 dxe5 20. fxe5 Qc7 21.
Qd4 bxc4 22. Nb5 Qb8 23. Nd6 Rd8 24. bxc4 Ne8 25. Rb1 Qa7 26. c5 Qa4 27. Rb4 Qa2 28. Rb2 Qd5 29. Qxd5 Bxd5 30. Nb5 Rac8 31. Rc1 Nc7 32.
Nc3 Be6 33. Ne4 Nd5 34. Rb7 Rc7 35. c6 Rdc8 36. Rxc7 Rxc7 37. Bb5 Nf4 38. Nc5 Bd5 39. Na6 Rc8 40. g3 Ne6 41. Nb4 Be4 42. Ba6 Rc7 43. Bb7 Nd8 44. Na6 Rxb7 45. cxb7 Nxb7 46.
Nc5 Nxc5 47. Rxc5 Bf5 48. g4 Be6 49. Kg3 f6 50. Rc6 Kf7 51. Kf4 h6 52. exf6 Kxf6 53. Rb6 g5+ 54. Ke4 h5 55. Ra6 hxg4 56. hxg4 Kf7 57. Kf3 Kf6 58. Rb6 Kf7 59. Rb5 Kf6 60. Ra5 Kf7 61. Rxg5 Kf6 62. Ra5 Bd7 63. Kf4 e5+ 64. Rxe5 Bxg4 65. Rg5 Be6 66. Rg3 Bf7 67. Ra3 Kg7 68. Ra5 Kh8 69. Ke5 Bg8 70. Kf6 Bh7 71. Rg5 Bg8 72. Re5 Bh7 73. Rg5 Bg8 74. Rg3 Bh7 75.
Kf7 Bg8+ 76. Rxg8+ Kh7 77. Rg6 Kh8 78. Rh6# 1-0

[Event "*** Titled Tuesday Blitz"]
[Site "Chess.com"]
[Date "2021.02.16"]
[Round "5"]
[White "arminmusovic"]
[Black "azikom"]
[Result "1-0"]
[WhiteElo "2489"]
[BlackElo "2631"]
[TimeControl "180+1"]
[EndTime "10:59:50 PST"]
[Termination "arminmusovic won by resignation"]

1. a3 e5 2. Nc3 Nc6 3. e4 Nf6 4. Nf3 d6 5. d4 exd4 6. Nxd4 Be7 7.
Bb5 Bd7 8. O-O O-O 9. h3 Re8 10. Re1 Nxd4 11. Qxd4 Bxb5 12. Nxb5 Nd7 13. Rb1 Bf6 14. Qc4 Nc5 15. b4 Ne6 16. Be3 a6 17. Nc3 c6 18. Rbd1 Qc7 19. Qd3 a5 20. Ne2 axb4 21. axb4 Ra2 22. c4 Rb2 23. c5 dxc5 24. bxc5 Rd8 25. Qc4 h6 26. f4 Rxd1 27. Rxd1 Qa5 28. e5 Be7 29. f5 Nxc5 30. f6 Bf8 31.
fxg7 Kxg7 32. Ng3 Qa4 33. Nf5+ Kg6 34. Nh4+ Kg7 35. Nf5+ Kg8 36. Qxa4 Nxa4 37. Bxh6 Bxh6 38. Nxh6+ Kg7 39. Nf5+ Kg6 40. g4 Nc5 41. h4 Re2 42. Rd6+ Kh7 43. Rh6+ Kg8 44. Ne7+ Kf8 45. Nc8 Ke8 46.
Nd6+ Ke7 47. Nf5+ Kd7 48. Rd6+ Kc7 49. Rf6 Rxe5 50. Rxf7+ Kb6 51. h5 Re4 52. Rg7 Ne6 53. Re7 Rxg4+ 54. Kh2 Ng5 55. Ng3 Rh4+ 56. Kg2 c5 57.
Rg7 Ne6 58. Rg6 Kb5 59. Rxe6 c4 60. Re5+ Kb4 61. Re4 Rxe4 62. Nxe4 b5 63. h6 c3 64.
Nxc3 Kxc3 65. h7 b4 66. h8=Q+ Kc2 67. Qh7+ Kb2 68. Qg7+ Ka2 69. Qa7+ Kb2 70. Qd4+ Kb3 71. Kf2 Ka3 72. Qc5 Ka4 73. Qc1 b3 74. Qb1 Ka3 75. Ke3 b2 76. Kd2 1-0

[Event "*** Titled Tuesday Blitz"]
[Site "Chess.com"]
[Date "2021.02.16"]
[Round "5"]
[White "dropstoneDP"]
[Black "Mr_Sinigami"]
[Result "1-0"]
[WhiteElo "2980"]
[BlackElo "2661"]
[TimeControl "180+1"]
[EndTime "10:59:52 PST"]
[Termination "dropstoneDP won on time"]

1. Nf3 Nf6 2. c4 g6 3. d4 Bg7 4. Nc3 O-O 5. e4 d6 6. Be3 e5 7.
dxe5 dxe5 8. Qc2 c6 9. Be2 Nbd7 10. O-O Qe7 11. a3 Nh5 12. g3 Nc5 13. Rad1 Bh3 14. Rfe1 h6 15. Nd2 Ne6 16. Bxh5 gxh5 17. Qd3 h4 18. Qe2 hxg3 19. hxg3 Nd4 20. Qh5 Be6 21. Bxh6 Qf6 22. Bg5 Qg6 23. Qxg6 fxg6 24. Ne2 Bg4 25. Nxd4 exd4 26. Rc1 Rae8 27. Kg2 d3 28. f3 Be6 29. b3 b5 30. cxb5 cxb5 31. Rc7 Rc8 32. Rec1 Rxc7 33. Rxc7 Rc8 34. Rxc8+ Bxc8 35. Kf2 Bd4+ 36.
Be3 Bc3 37. Nb1 Bb2 38. Bxa7 Be6 39. Ke3 Bxb3 40. Kxd3 Ba2 41. Kc2 Bxb1+ 42. Kxb2 Bd3 43. Kc3 Be2 44. f4 Kf7 45. Kd4 Ke6 46. Bb8 Bf3 47. Bc7 Be2 48. Ba5 Bf3 49. Bb4 Be2 50.
Kc5 Bd3 51. Kd4 Be2 52. Bd2 Bf3 53. Bc3 Be2 54. Kc5 Bd3 55. Be5 Be2 56. Bb8 Bd3 57. Bc7 Be2 58. Kd4 Bf3 59. Bb8 Be2 60. Ke3 Bc4 61.
g4 Bb3 62. f5+ gxf5 63. exf5+ Kf6 64. Kf4 Bc4 65. Bd6 Kf7 66. Bb4 Kg7 67. g5 Kf7 68. g6+ Kg8 69. Kg5 Bd5 70. Bc5 Be4 71. f6 Bd5 72. Kf4 Bc4 73. Ke5 Bb3 74. Kd4 Be6 75. Kc3 Bd5 76. Kb4 Bc4 77. a4 1-0